 Dungeon Crawl Stone Soup version 0.30-b1-2-g02819fbbbe (webtiles) character file.

Game seed: 17456043445046068463

2762 Ashen the Ogre Mage (level 9, -3/88 HPs)
             Began as an Ogre Necromancer on Jan 18, 2024.
             Was an Initiate of Kikubaaqudgha.
             Slain by a yak (13 damage)
             ... on level 8 of the Dungeon.
             The game lasted 00:21:36 (8057 turns).

Ashen the Ogre Mage (Ogre Necromancer)              Turns: 8057, Time: 00:21:37

Health: -3/88      AC:  4    Str: 14    XL:     9   Next: 69%
Magic:  2/20       EV: 11    Int: 26    God:    Kikubaaqudgha [......]
Gold:   50         SH:  0    Dex: 12    Spells: 7/23 levels left

rFire   + . .        v - +0 whip (pain)
rCold   + . .        (no shield)
rNeg    + . .        G - +0 robe of Giekoul {rC+}
rPois   .            (helmet restricted)
rElec   +            p - +0 cloak
rCorr   .            (gloves unavailable)
SInv    .            (boots unavailable)
Will    .....        (no amulet)
Stlth   ++           c - +6 ring of intelligence
HPRegen 0.34/turn    K - ring of Tilur {rElec rF+ rN+ Dex+3}
MPRegen 0.17/turn

%: no passive effects
@: no status effects
A: large, unfitting armour, tough skin 1
a: Renounce Religion


You were on level 8 of the Dungeon.
You worshipped Kikubaaqudgha.
Kikubaaqudgha was noncommittal.
You visited 2 branches of the dungeon, and saw 10 of its levels.

You collected 417 gold pieces.
You spent 367 gold pieces at shops.

Inventory:

Hand Weapons
 i - a +3 short sword
 l - a +1 mace of protection
 v - a +0 whip of pain (weapon)
 F - a +0 giant club
Armour
 p - a +0 cloak (worn)
 G - the +0 robe of Giekoul (worn) {rC+}
   (You bought it in a shop on level 6 of the Dungeon)

   rC:        It protects you from cold.
Jewellery
 c - a +6 ring of intelligence (left hand)
 n - a ring of flight
 s - a ring of positive energy
 x - a ring of protection from cold
 K - the ring of Tilur (right hand) {rElec rF+ rN+ Dex+3}
   (You bought it in a shop on level 8 of the Dungeon)

   [ring of positive energy]

   Dex:       It affects your dexterity (+3).
   rF:        It protects you from fire.
   rElec:     It insulates you from electricity.
   rN:        It protects you from negative energy.
Wands
 D - a wand of paralysis (8)
 E - a wand of roots (7)
 I - a wand of polymorph (5)
Scrolls
 a - 3 scrolls of fear {unknown}
 d - 3 scrolls of enchant armour
 g - 2 scrolls of blinking {unknown}
 j - 5 scrolls of identify {unknown}
 k - 2 scrolls of noise {unknown}
 m - 4 scrolls of fog
 r - a scroll of enchant weapon {unknown}
 u - a scroll of immolation {unknown}
 y - a scroll of acquirement {unknown}
 B - a scroll of brand weapon {unknown}
 H - a scroll of amnesia {unknown}
 J - a scroll of butterflies {unknown}
Potions
 b - 2 potions of magic
 e - 2 potions of cancellation {unknown}
 f - a potion of brilliance {unknown}
 h - 3 potions of attraction {unknown}
 o - 3 potions of curing
 q - 2 potions of invisibility {unknown}
 t - a potion of might
 w - a potion of lignification {unknown}
 z - 2 potions of degeneration {unknown}
 A - 3 potions of resistance {unknown}
 C - a potion of ambrosia {unknown}


   Skills:
 + Level 5.5 Fighting
 + Level 3.8 Maces & Flails
 + Level 4.3 Dodging
 - Level 3.0 Stealth
 * Level 7.6 Spellcasting
 * Level 7.0 Necromancy
 - Level 3.0 Ice Magic


You had 7 spell levels left.
You knew the following spells:

 Your Spells              Type           Power      Damage    Failure   Level
a - Necrotise             Necr           100%       1d9       1%          1
b - Vampiric Draining     Necr           46%        2d9       1%          3
c - Animate Dead          Necr           46%        N/A       3%          4
d - Agony                 Necr           46%        N/A       9%          5
e - Ozocubu's Armour      Ice            25%        N/A       5%          3

Your spell library contained the following spells:

 Spells                   Type           Power      Damage    Failure   Level
 Apportation              Tloc           18%        N/A       6%          1
 Lesser Beckoning         Tloc           18%        N/A       9%          2
 Gell's Gravitas          Tloc           9%         N/A       19%         3
 Teleport Other           Tloc           9%         N/A       19%         3
 Alistair's Intoxication  Tmut/Pois      6%         N/A       86%         5
 Ozocubu's Refrigeration  Ice            12%        4d10      100%        7


Dungeon Overview and Level Annotations

Branches:
Dungeon (9/15)             Temple (1/1) D:6
   Lair: D:8-11         Orc: D:9-12

Altars:
Ashenzari
Dithmenos
Fedhas
Gozag
Hepliaklqana
Kikubaaqudgha
Makhleb
Ru
Trog
Uskayaw
Vehumet
Wu Jian
Xom
Yredelemnul
Zin
The Shining One

Shops:
D:4 *   D:6 ([   D:8 *

Annotations:
D:3 3 runed translucent doors, Konrad's ghost, amateur MiHu
D:5 exclusion: wyvern


Innate Abilities, Weirdness & Mutations

You are too large for most types of armour.
You have tough skin. (AC +1)


Message History

You hit the yak but do no damage.
The yak is heavily wounded.
The yak gores you!
* * * LOW HITPOINT WARNING * * *
You hit the yak.
The yak is heavily wounded.
You hit the yak but do no damage.
The yak writhes in agony.
The yak is lightly wounded.
You hit the yak but do no damage.
The yak writhes in agony.
The yak is moderately wounded.
The yak barely misses you.
You hit the yak but do no damage.
The yak writhes in agony.
The yak is heavily wounded.
Serverwide announcement: Server restarting in 30 seconds!!!!!
You hit the yak.
The yak writhes in agony.
The yak is heavily wounded.
The yak gores you.
* * * LOW HITPOINT WARNING * * *
You hit the yak but do no damage.
The yak is heavily wounded.
The yak gores you.
* * * LOW HITPOINT WARNING * * *
Casting: Vampiric Draining (safe; 1% risk of failure)
Confirm with . or Enter, or press ? or * to list all spells.
Aiming: Vampiric Draining (safe; 1% risk of failure)
Press: ? - help, Shift-Dir - straight line, f - yak
Aim: a yak (heavily wounded)
You draw life force from the yak!
You feel life coursing into your body. The yak gores you!
* * * LOW HITPOINT WARNING * * *
The yak attacks as you move away! The yak gores you but does no damage.
The yak attacks as you move away! The yak completely misses you.
The yak attacks as you move away! The yak gores you!
* * * LOW HITPOINT WARNING * * *
The yak attacks as you move away! The yak gores you.
* * * LOW HITPOINT WARNING * * *
The yak attacks as you move away! The yak barely misses you.
The yak attacks as you move away! The yak gores you!
You die...
Kikubaaqudgha rasps: "You have failed me!
Welcome... death!"

#....# ##....# #.....#
#########.##### #.........#
#(......### ##### #......##
##...#
###......##############8.8.#
#>.........@Y.Y.Y.Y.....∩..#
###.............######.8.8.#
##'##.#.......# ###...#
#....#.......# ##.##
#.####.......# #..Y #.#
#[......# ####
#.####.......## #
#...#...........
###.##.......##.


You could see 4 yaks.

Vanquished Creatures
  A hornet (D:9)
  A yak (D:8)
  2 steam dragons (D:8)
  3 ice beasts
  2 sky beasts (D:6)
  An ogre (D:6)
  A wolf (D:8)
  3 phantoms
  2 bullfrogs
  3 scorpions
  A wight (D:4)
  3 howler monkeys
  4 orc priests
  A gnoll bouda (D:6)
  3 jellies
  2 sleepcaps
  Crazy Yiuf (D:2)
  6 orc wizards
  2 iguanas (D:5)
  10 gnolls
  7 adders
  3 shadow imps (D:6)
  A white imp (D:6)
  An ufetubus (D:4)
  2 worms
  22 orcs
  7 ball pythons
  5 bats
  7 endoplasms
  3 giant cockroaches
  9 hobgoblins
  13 jackals
  A quokka (D:4)
  5 frilled lizards
  8 goblins
  8 kobolds
  5 rats
159 creatures vanquished.

Vanquished Creatures (collateral kills)
  A gnoll (D:6)
  An adder (D:3)
  2 orcs
  A ball python (D:2)
  A hobgoblin (D:3)
  A rat (D:3)
  A butterfly (D:6)
8 creatures vanquished.

Vanquished Creatures (others)
  21 fungi
  5 plants (D:4)
26 creatures vanquished.

Grand Total: 193 creatures vanquished

Notes
Turn   | Place    | Note
-------+----------+-------------------------------------------
     0 | D:1      | Ashen the Ogre Necromancer began the quest for the Orb.
     0 | D:1      | Reached XP level 1. HP: 16/16 MP: 3/3
   189 | D:1      | Reached XP level 2. HP: 26/26 MP: 2/5
  1094 | D:2      | Reached XP level 3. HP: 32/32 MP: 7/7
  1106 | D:2      | Identified the +5 sling "Qonoy" {antimagic, rPois Int+5}
  1158 | D:2      | Reached skill level 1 in Fighting
  1475 | D:2      | Learned a level 3 spell: Vampiric Draining
  1547 | D:2      | Reached XP level 4. HP: 33/41 MP: 2/8
  1690 | D:2      | Found a runed translucent door.
  1691 | D:2      | Noticed Crazy Yiuf
  1697 | D:2      | Killed Crazy Yiuf
  1755 | D:3      | Found a runed translucent gate.
  1756 | D:3      | Found a runed translucent gate.
  1756 | D:3      | Noticed Konrad's ghost (amateur MiHu)
  1757 | D:3      | Found a runed translucent gate.
  1815 | D:3      | Reached skill level 1 in Maces & Flails
  1918 | D:3      | Found a burning altar of Makhleb.
  2121 | D:3      | Found a sacrificial altar of Ru.
  2134 | D:3      | Reached XP level 5. HP: 47/49 MP: 2/10
  2715 | D:4      | Reached XP level 6. HP: 57/57 MP: 5/12
  2771 | D:4      | Found Gucvi's General Store.
  2787 | D:4      | Bought a scroll of enchant armour for 75 gold pieces
  2787 | D:4      | Bought a potion of curing for 30 gold pieces
  3034 | D:4      | Found an opulent altar of Gozag.
  3273 | D:4      | Found a hazy altar of Hepliaklqana.
  3487 | D:4      | Reached XP level 7. HP: 59/66 MP: 12/14
  3602 | D:5      | Entered Level 5 of the Dungeon
  3612 | D:5      | Noticed a wyvern
  3777 | D:5      | Reached skill level 5 in Necromancy
  3937 | D:5      | Reached skill level 5 in Spellcasting
  4451 | D:5      | Learned a level 4 spell: Animate Dead
  4457 | D:5      | Learned a level 5 spell: Agony
  4740 | D:5      | Reached XP level 8. HP: 63/75 MP: 8/16
  5350 | D:5      | Learned a level 3 spell: Ozocubu's Armour
  5471 | D:6      | Reached skill level 1 in Ice Magic
  6177 | D:6      | Reached XP level 9. HP: 85/85 MP: 13/18
  6289 | D:6      | Found a staircase to the Ecumenical Temple.
  6386 | Temple   | Entered the Ecumenical Temple
  6407 | Temple   | Became a worshipper of Kikubaaqudgha
  6955 | D:6      | Found Tiol Nez's Antique Armour Boutique.
  6963 | D:6      | Bought an ominously black robe for 142 gold pieces
  6963 | D:6      | Identified the +0 robe of Giekoul {rC+} (You bought it in a
                  | shop on level 6 of the Dungeon)
  7165 | D:6      | Found Ducwip's Weapon Shoppe.
  7224 | D:7      | You are sucked into a shaft and drop 2 floors!
  7232 | D:9      | Noticed a hornet
  7240 | D:9      | Paralysed by a hornet for 3 turns
  7243 | D:9      | Killed a hornet
  7244 | D:9      | Reached skill level 5 in Fighting
  7450 | D:8      | Found a hide-covered altar of Uskayaw.
  7987 | D:8      | Found Vinnar's Assorted Antiques.
  7995 | D:8      | Bought a shimmering bone ring for 120 gold pieces
  7995 | D:8      | Identified the ring of Tilur {rElec rF+ rN+ Dex+3} (You
                  | bought it in a shop on level 8 of the Dungeon)
  8057 | D:8      | Slain by a yak

Illustrated notes

Levels and vault maps discovered:
D:1:      dpeg_arrival_connections, layout_basic
D:2:      layout_rooms, minmay_misc_feat_room, kennysheep_generic_room_4,
          uniq_crazy_yiuf_cottage
D:3:      layout_rooms, demons_altar, nicolae_ru_great_annihilating_truth,
          gammafunk_ghost_split
D:4:      minmay_clustersquares, layout_rooms, grunt_gozag_breadcrumbs,
          mainiacjoe_overflow_chevrons, serial_shops, shop_fountains,
          grunt_decor_clamped
D:5:      layout_loops_corners, dk_noncrumbling_3, fountainhead,
          minmay_stone_trees_medium
D:6:      layout_loops_ring, minmay_temple_entry_butterflies, serial_shops,
          kennysheep_mini, shop
D:7:      minmay_the_grid_triangle_9x9_rhombus_thin
          [minmay_the_grid_triangle_9x9_odd_lines,
          minmay_the_grid_triangle_9x9_prize_top_heavy,
          minmay_the_grid_triangle_9x9_cache,
          minmay_the_grid_triangle_9x9_empty], layout_loops_ring,
          nemelex_diamond_rough_becter, okawaru_trees_1, nrook_mini_vaults,
          nicolae_water_bricks, uniq_maggie
D:8:      layout_basic, eat_drink_and_be_merry_uskayaw, serial_shops,
          nicolae_shop_tiny_statue_garden, gammafunk_ghost_split
D:9:      kennysheep_kobold_camp, layout_rooms
Temple:   jpeg_temple_clearing

Skill      XL: |  1  2  3  4  5  6  7  8  9 |
---------------+----------------------------+-----
Spellcasting   | 3 4 5 6 7 |  7.6
Fighting       | 1 2 3 4 5 |  5.5
Dodging        | 2 3 4 |  4.3
Necromancy     | 4 5 6 7 |  7.0
Maces & Flails | 1 2 3 |  3.8
Stealth        | 2 3 |  3.0
Ice Magic      | 2 3 |  3.0

Action                     |  1- 3 |  4- 6 |  7- 9 || total
---------------------------+-------+-------+-------++-------
  Melee: Rapier            |     2 |       |       ||     2
         Unarmed           |     2 |       |       ||     2
         Short sword       |    20 |       |       ||    20
         Mace              |    67 |    35 |   135 ||   237
         Punch             |       |     3 |     2 ||     5
         Whip              |       |    10 |    20 ||    30
   Cast: Necrotise         |    23 |    90 |   207 ||   320
         Vampiric Draining |       |     2 |    25 ||    27
  Evoke: Wand              |       |       |     2 ||     2
    Use: Scroll            |       |       |     1 ||     1
   Stab: Sleeping          |     3 |       |       ||     3
         Paralysed         |       |     1 |       ||     1
 Armour: Robe              |    39 |    32 |    84 ||   155
  Dodge: Dodged            |    46 |    34 |   117 ||   197
